 Dungeon Crawl Stone Soup version 0.28.0-43-g3370ac3207 (webtiles) character file.

Game seed: 13941984590227003545

126 terff the Conjurer (level 5, 0/36 HPs)
             Began as a Human Conjurer on Mar 25, 2022.
             Succumbed to a kobold's poison
             ... on level 4 of the Dungeon.
             The game lasted 00:06:38 (2794 turns).

terff the Conjurer (Human Conjurer)                 Turns: 2794, Time: 00:06:38

Health: 0/36       AC:  2    Str:  7    XL:     5   Next: 31%
Magic:  4/9        EV: 12    Int: 21    God:
Gold:   77         SH:  0    Dex: 11    Spells: 3/9 levels left

rFire   . . .      SeeInvis .   h - +0 spear (chaos)
rCold   . . .      Faith    .   (no shield)
rNeg    . . .      Spirit   .   a - +0 robe
rPois   .          Reflect  .   (no helmet)
rElec   .          Harm     .   (no cloak)
rCorr   .          Rampage  .   (no gloves)
Will    .....                   (no boots)
Stlth   +.........              (no amulet)
HPRegen 0.12/turn               (no ring)
MPRegen 0.11/turn               (no ring)

@: confused, lethally poisoned (0 -> -8)
A: no striking features
a: no special abilities


You were on level 4 of the Dungeon.
You visited 1 branch of the dungeon, and saw 4 of its levels.

You collected 77 gold pieces.

Inventory:

Hand Weapons
 c - a +0 club
 h - a +0 spear of chaos (weapon)
Armour
 a - a +0 robe (worn)
Scrolls
 f - a scroll of identify
Potions
 d - a potion of invisibility
 e - 4 potions of curing
 j - a potion of resistance


   Skills:
 + Level 0.3 Fighting
 + Level 1.0 Maces & Flails
 + Level 2.4 Dodging
 + Level 2.3 Stealth
 + Level 2.9 Spellcasting
 + Level 5.1 Conjurations


You had 3 spell levels left.
You knew the following spells:

 Your Spells              Type           Power      Damage    Failure   Level
a - Magic Dart            Conj           96%        1d7       1%          1
b - Searing Ray           Conj           48%        2d6       2%          2
c - Dazzling Flash        Conj/Hex       26%        N/A       14%         3

Your spell library contained the following spells:

 Spells                   Type           Power      Damage    Failure   Level
 Pain                     Necr           12%        1d4       14%         1
 Fulminant Prism          Conj/Hex       6%         3d7       43%         4
 Iskenderun's Mystic Bla  Conj/Tloc      13%        2d5       43%         4
 Agony                    Necr           3%         N/A       98%         5
 Excruciating Wounds      Necr           1%         N/A       98%         5


Dungeon Overview and Level Annotations

Branches:
Dungeon (4/15)
 Temple: D:4-7

Altars:


Message History

Aiming: Magic Dart (safe; 1% risk of failure)
Press: ? - help, Shift-Dir - straight line, f - orc
Aim: an orc, wielding a +3 vampiric dagger (100% to hit)
The magic dart hits the orc.
The orc is lightly wounded.
The kobold closely misses you. The orc hits you but does no damage.
You closely miss the orc.
The orc is lightly wounded.
The kobold closely misses you.
The orc hits you with a +3 vampiric dagger.
You hit the orc. You burn the orc.
The orc is heavily wounded.
The kobold hits you but does no damage.
You are poisoned.
The orc barely misses you.
You hit the orc. You burn the orc.
You kill the orc!
You feel very sick.
The kobold hits you with a +0 dagger of venom.
The kobold hits you but does no damage.
You are lethally poisoned!
Casting: Magic Dart (safe; 1% risk of failure)
Confirm with . or Enter, or press ? or * to list all spells.
Aiming: Magic Dart (safe; 1% risk of failure)
Press: ? - help, Shift-Dir - straight line, f - kobold
Aim: a kobold, wielding a +0 dagger of venom and quivering poisoned darts (100% to hit)
The magic dart hits the kobold.
You kill the kobold!
You feel very sick.
The orc wizard gestures at you while chanting.
You are confused.
You're too confused to cast spells.
* * * LOW HITPOINT WARNING * * *
You feel very sick.
* * * LOW HITPOINT WARNING * * *
You feel very sick.
* * * LOW HITPOINT WARNING * * *
You feel sick.
You climb downwards.
You die...

##### #....# ###
.....##..#
........# #......#
. #.....## ..
#@....# ...##
#[.......
.....#####
##.......
#...#..### .......
#..g....#..)......
#...<.............
#.................
#.....J............
....J#.........


There were no monsters in sight!

Vanquished Creatures
  An orc priest (D:3)
  4 adders
  An adder skeleton (D:4)
  2 dart slugs
  3 orcs
  5 ball pythons
  3 bats
  4 endoplasms
  2 giant cockroaches (D:2)
  7 goblins
  6 hobgoblins
  2 jackals (D:2)
  2 frilled lizards
  4 kobolds
  3 rats
49 creatures vanquished.

Notes
Turn   | Place    | Note
-------+----------+-------------------------------------------
     0 | D:1      | terff the Human Conjurer began the quest for the Orb.
     0 | D:1      | Reached XP level 1. HP: 13/13 MP: 3/3
   271 | D:1      | Reached XP level 2. HP: 19/19 MP: 3/5
   294 | D:1      | Found a faded altar of an unknown god.
   747 | D:1      | Reached XP level 3. HP: 24/24 MP: 3/6
  1502 | D:2      | Reached XP level 4. HP: 30/30 MP: 2/7
  2158 | D:3      | Learned a level 2 spell: Searing Ray
  2162 | D:3      | Learned a level 3 spell: Dazzling Flash
  2204 | D:3      | Reached skill level 1 in Maces & Flails
  2786 | D:3      | Reached skill level 5 in Conjurations
  2786 | D:3      | Reached XP level 5. HP: 26/36 MP: 5/9
  2794 | D:4      | Succumbed to a kobold's poison

Illustrated notes

Levels and vault maps discovered:
D:1:      amcnicky_arrival_double_pillar, layout_basic,
          hellmonk_ecumenical_altar_arch_garden, minmay_indecisive_spiral
D:2:      layout_loops_ring, minmay_misc_feat_rows
D:3:      layout_rooms
D:4:      layout_cave_pools, minmay_temple_entry_mist, uniq_ijyb

Skill      XL: |  1  2  3  4 |
---------------+-------------+-----
Maces & Flails | 1 |  1.0
Conjurations   | 5 |  5.1
Fighting       | |  0.3
Dodging        | |  2.4
Stealth        | |  2.3
Spellcasting   | |  2.9

Action                   |  1- 3 |  4- 6 || total
-------------------------+-------+-------++-------
Melee: Club              |     8 |       ||     8
       Unarmed           |     1 |       ||     1
       Spear             |       |    17 ||    17
 Cast: Magic Dart        |    52 |    54 ||   106
  Use: Scroll            |     4 |     5 ||     9
Armor: Robe              |     3 |     8 ||    11
Dodge: Dodged            |    11 |    26 ||    37
